 Dungeon Crawl Stone Soup version 0.28-b1-1-g3c77fb2ed1 (webtiles) character file.

Game seed: 2842574471862241722

168 Descartes the Grasshopper (level 5, -3/37 (38) HPs)
             Began as a Formicid Warper on Jan 28, 2022.
             Killed from afar by an orc wizard (7 damage)
             ... with a puff of flame
             ... on level 3 of the Dungeon.
             The game lasted 00:05:12 (3457 turns).

Descartes the Grasshopper (Formicid Warper)         Turns: 3457, Time: 00:05:12

HP:   -3/37 (38)    AC:  4    Str: 18    XL:     5   Next: 77%
MP:   8/8           EV: 11    Int: 12    God:
Gold: 72            SH:  4    Dex: 10    Spells: 8/8 levels left

rFire   . . .      SeeInvis +   a - +0 mace
rCold   . . .      Faith    .   e - +0 buckler
rNeg    . . .      Spirit   .   b - +0 leather armour
rPois   .          Reflect  .   (helmet unavailable)
rElec   .          Harm     .   (no cloak)
rCorr   .          Rampage  .   g - +0 pair of gloves
Will    .....                   (no boots)
Stlth   +.........              (no amulet)
HPRegen 0.12/turn               (no ring)
MPRegen 0.11/turn               (no ring)

@: lightly drained
A: permanent stasis, dig shafts and tunnels, antennae 3, four strong arms
a: Dig, Shaft Self


You were on level 3 of the Dungeon.
You visited 1 branch of the dungeon, and saw 3 of its levels.

You collected 72 gold pieces.

Inventory:

Hand Weapons
 a - a +0 mace (weapon)
Missiles
 c - 5 boomerangs of dispersal (quivered)
 l - 24 arrows
 n - a boomerang
 o - 19 stones
 q - 6 javelins
Armour
 b - a +0 leather armour (worn)
 e - a +0 buckler (worn)
 g - a +0 pair of gloves (worn)
Wands
 m - a wand of mindburst (15)
Scrolls
 f - a scroll of magic mapping {unknown}
 i - a scroll of summoning {unknown}
 j - 3 scrolls of identify {unknown}
 k - a scroll of enchant armour {unknown}
Potions
 d - a potion of heal wounds {unknown}
 h - a potion of curing {unknown}
 p - a potion of flight {unknown}
 r - a potion of invisibility {unknown}


   Skills:
 - Level 2.1 Fighting
 - Level 2.0 Maces & Flails
 - Level 1.0 Throwing
 + Level 3.2 Armour
 - Level 1.7 Dodging
 * Level 3.0 Shields
 - Level 2.1 Spellcasting
 + Level 4.0 Translocations


You had 8 spell levels left.
You didn't know any spells.
Your spell library contained the following spells:

 Spells                   Type           Power      Damage    Failure   Level
 Apportation              Tloc           20%        N/A       8%          1
 Gell's Gravitas          Tloc           10%        N/A       22%         3
 Lesser Beckoning         Tloc           10%        N/A       22%         3
 Teleport Other           Tloc           10%        N/A       22%         3
 Manifold Assault         Tloc           10%        N/A       91%         5
 Alistair's Intoxication  Tmut/Pois      0%         N/A       100%        5
 Blink                    Tloc           Unusable   N/A       N/A         2

Dungeon Overview and Level Annotations

Branches:
Dungeon (3/15)

Altars:


Innate Abilities, Weirdness & Mutations

You cannot be hasted, slowed, berserked, paralysed or teleported.
You can dig through walls and to a lower floor.
You have a pair of large antennae on your head. (SInv)
Your four strong arms can wield two-handed weapons with a shield.


Message History

You block the orc wizard's attack.
You closely miss the orc wizard.
The orc wizard is moderately wounded.
You block the orc wizard's attack.
You barely miss the orc wizard.
The orc wizard is moderately wounded.
The orc wizard hits you but does no damage. x2
You closely miss the orc wizard.
The orc wizard is moderately wounded.
The orc wizard hits you but does no damage.
You hit the orc wizard.
The orc wizard is heavily wounded.
The orc wizard gestures at you while chanting.
You are confused.
The orc wizard misses you.
The orc wizard hits you with a +0 dagger.
You're too confused to move!
The orc wizard closely misses you.
The orc wizard hits you with a +0 dagger.
The orc wizard hits you but does no damage.
You closely miss the orc wizard.
The orc wizard is heavily wounded.
You feel less confused. You block the orc wizard's attack.
The orc wizard gestures at you while chanting.
The magic dart hits you!
* * * LOW HITPOINT WARNING * * *
You closely miss the orc wizard.
The orc wizard is heavily wounded.
The orc wizard mumbles some strange words.
The orc wizard flickers and vanishes for a moment.
You hit the orc wizard but do no damage.
The orc wizard is heavily wounded.
The orc wizard points at you and mumbles some strange words.
The puff of flame hits you.
* * * LOW HITPOINT WARNING * * *
You closely miss the orc wizard.
The orc wizard is heavily wounded.
The orc wizard points at you and mumbles some strange words.
The puff of flame hits you!
You die...

######.#.#.####....#.............
...........####.##...........#...
.#####..........>..#.###.....#...
## ####.#......##.#.# #.....#...
#....[...........# #.........
####.#...........###.....#...
#............#......##....
###..........#.#..........
####..##..@.......##.###... #
#........o........##.# #### ###
#..................#.# ..##
#..................#.# ...##
##......<..........#.#
.#..##....#.##..........##.#
.......####.###........###.#
...##.. ... ........## .#####
###.###.####..#


You could see an orc wizard (invisible).

Vanquished Creatures
  An orc wizard (D:2)
  2 hound zombies (D:2)
  3 adders (D:2)
  An adder zombie (D:2)
  An adder skeleton (D:2)
  A dart slug (D:2)
  6 orcs
  6 ball pythons
  A bat skeleton (D:2)
  7 endoplasms
  2 giant cockroaches (D:1)
  5 goblins
  3 hobgoblins
  4 jackals
  2 quokkas (D:2)
  4 ball python zombies (D:2)
  6 bats
  6 frilled lizards
  3 kobolds
  A quokka skeleton (D:2)
  5 rats
70 creatures vanquished.

Notes
Turn   | Place    | Note
-------+----------+-------------------------------------------
     0 | D:1      | Descartes the Formicid Warper began the quest for the Orb.
     0 | D:1      | Reached XP level 1. HP: 16/16 MP: 3/3
   158 | D:1      | Reached skill level 3 in Translocations
   250 | D:1      | Reached XP level 2. HP: 22/22 MP: 5/5
   655 | D:1      | Reached XP level 3. HP: 27/27 MP: 6/6
   738 | D:1      | Reached skill level 1 in Shields
  1352 | D:2      | Reached XP level 4. HP: 24/33 MP: 7/7
  2153 | D:2      | Reached XP level 5. HP: 28/38 MP: 8/8
  2778 | D:3      | Reached skill level 4 in Translocations
  3457 | D:3      | Killed from afar by an orc wizard

Illustrated notes

Levels and vault maps discovered:
D:1:      dpeg_arrival_shelter, layout_basic, minmay_cut_off
D:2:      layout_loops_corners, serial_undead, serial_undead_b, serial_undead_e,
          serial_undead_b, serial_undead_a, serial_undead_d, serial_undead_f,
          serial_undead_a, serial_undead_e, serial_undead_b, serial_undead_f
D:3:      layout_rooms, mainiacjoe_overflow_alcove_4,
          grunt_dithmenos_smoke_and_mirrors

Skill      XL: |  1  2  3  4  5 |
---------------+----------------+-----
Translocations | 3 4 |  4.0
Shields        | 1 2 3 |  3.0
Armour         | 2 3 |  3.2
Fighting       | |  2.1
Maces & Flails | |  2.0
Throwing       | |  1.0
Dodging        | |  1.7
Spellcasting   | |  2.1

Action                   |  1- 3 |  4- 6 || total
-------------------------+-------+-------++-------
Melee: Mace              |   128 |   177 ||   305
 Abil: Dig               |       |     1 ||     1
Armor: Leather armour    |    49 |    72 ||   121
Dodge: Dodged            |   106 |   106 ||   212
Block: Buckler           |    17 |    35 ||    52
